 Dungeon Crawl Stone Soup version 0.22-a0-608-g8a62e23 (webtiles) character file.

601 Amnesiac the Changer (level 7, -1/32 HPs)
             Began as a Spriggan Earth Elementalist on July 9, 2018.
             Shot with an arrow by a centaur (14 damage)
             ... on level 6 of the Dungeon.
             The game lasted 00:06:48 (2697 turns).

Amnesiac the Changer (Spriggan Earth Elementalist)  Turns: 2697, Time: 00:06:49

Health: -1/32      AC:  2    Str:  4    XL:     7   Next: 18%
Magic:  0/15       EV: 18    Int: 19    God:
Gold:   150        SH:  0    Dex: 16    Spells: 4/16 levels left

rFire    . . .     SeeInvis +   a - +2 dagger (speed)
rCold    . . .     Gourm    .   (shield restricted)
rNeg     . . .     Faith    .   c - +0 robe
rPois    .         Spirit   +   (helmet restricted)
rElec    .         Reflect  .   (no cloak)
rCorr    .         Harm     .   (gloves unavailable)
MR       +....                  (boots unavailable)
Stlth    ++........             q - amulet of guardian spirit
HPRegen  0.10/turn              (no ring)
MPRegen  0.14/turn              (no ring)

@: very slightly contaminated, hasted, very quick
A: very small, unfitting armour, see invisible, herbivore, speed 3, slow
metabolism 2
a: no special abilities


You were on level 6 of the Dungeon.
You were full.

You visited 1 branch of the dungeon, and saw 7 of its levels.
You also visited: Sewer.

You collected 150 gold pieces.

Inventory:

Hand Weapons
 a - a +2 dagger of speed (weapon)
Missiles
 b - 59 stones (quivered)
Armour
 c - a +0 robe (worn)
 x - a +0 troll leather armour {Purgy}
Jewellery
 q - an amulet of guardian spirit (around neck)
Wands
 k - a wand of flame (12)
 r - a wand of random effects (21)
 t - a wand of acid (4)
Scrolls
 e - 2 scrolls of teleportation {!r, unknown}
 f - 3 scrolls of amnesia {!r, unknown}
 g - 2 scrolls of fear {!r, unknown}
 j - 2 scrolls of enchant armour {!r, unknown}
 o - a scroll of fog {!r, unknown}
 s - 2 scrolls of enchant weapon {!r, unknown}
 v - 7 scrolls of identify {!r, unknown}
Potions
 h - 2 potions of heal wounds {!q, unknown}
 l - a potion of agility {!q, unknown}
 m - 2 potions of brilliance {!q, unknown}
 n - a potion of degeneration {!q, unknown}
 p - a potion of might {!q, unknown}
 u - a potion of lignification {!q, unknown}
 w - a potion of flight {!q, unknown}
Comestibles
 d - 8 rations


   Skills:
 - Level 1.0 Short Blades
 - Level 3.0 Dodging
 - Level 3.0 Stealth
 + Level 5.1 Spellcasting
 + Level 5.4 Transmutations
 * Level 5.4 Earth Magic


You had 4 spell levels left.
You knew the following spells:

 Your Spells              Type           Power        Failure   Level  Hunger
a - Sandblast             Erth           ####..       1%          1    None
b - Passwall              Tmut/Erth      ####....     1%          2    #......
d - Lee's Rapid Deconstr  Erth           ####......   34%         5    ######.
e - Petrify               Tmut/Erth      ####....     13%         4    ####...

Your spell library contained the following spells:

 Spells                   Type           Power        Failure   Level  Hunger
 Throw Frost              Conj/Ice       #.....       19%         2    #......
 Freeze                   Ice            #...         12%         1    None
 Summon Ice Beast         Ice/Summ       #.......     77%         4    ####...
 Ozocubu's Armour         Chrm/Ice       #.......     36%         3    ##.....
 Stone Arrow              Conj/Erth      ###...       12%         3    ##.....
 Throw Icicle             Conj/Ice       #.......     77%         4    ####...


Dungeon Overview and Level Annotations

Branches:
Dungeon (7/15)
 Temple: D:4-7

Altars:
Fedhas
Qazlal
Wu Jian

Annotations:
D:5 Edmund
D:6 Grinder, Sigmund


Innate Abilities, Weirdness & Mutations

You are very small and have problems with some larger weapons.
You are too small for most types of armour.
You have supernaturally acute eyesight. (SInv)
You are a herbivore.
You cover ground extremely quickly.
You need to consume almost no food.


Message History

The arrow completely misses you.
The gnoll shouts!
Casting: Sandblast (safe; 1% risk of failure)
Confirm with . or Enter, or press ? or * to list all spells.
Aiming: Petrify (safe; 13% risk of failure)
Press: ? - help, Shift-Dir - straight line, f - centaur
Aim: a centaur, wielding a shortbow (chance to defeat MR: 54%)
The centaur resists with significant effort.
Unknown command.
Casting: Petrify (safe; 13% risk of failure)
Confirm with . or Enter, or press ? or * to list all spells.
Aiming: Petrify (safe; 13% risk of failure)
Press: ? - help, Shift-Dir - straight line, p - centaur You miscast Petrify.
You are very lightly contaminated with residual magic.
The air around you crackles with energy!
Casting: Petrify (safe; 13% risk of failure)
Confirm with . or Enter, or press ? or * to list all spells.
Okay, then.
Casting: Petrify (safe; 13% risk of failure)
Confirm with . or Enter, or press ? or * to list all spells.
Aiming: Sandblast (safe; 1% risk of failure)
Press: ? - help, Shift-Dir - straight line, f - gnoll
Aim: a gnoll, wielding a spear The blast of sand hits the gnoll.
The gnoll is severely wounded.
b - 61 stones A hound comes into view.
The gnoll hits you from afar with a spear.
Unknown command.
The adder hisses angrily.
You hear a shout!
The centaur unwields an uncursed shortbow.
The centaur wields an uncursed great mace.
The centaur hits you with an uncursed great mace!!
Ouch! That really hurt!
* * * LOW HITPOINT WARNING * * *
You hear a shout!
Casting: Sandblast (safe; 1% risk of failure)
Confirm with . or Enter, or press ? or * to list all spells.
Aiming: Sandblast (safe; 1% risk of failure)
Press: ? - help, Shift-Dir - straight line, f/p - gnoll
Aim: a gnoll, wielding a spear (severely wounded)
The blast of sand misses the gnoll.
b - 60 stones The gnoll misses you.
The centaur barely misses you.
Unknown command.
Casting: Sandblast (safe; 1% risk of failure)
Confirm with . or Enter, or press ? or * to list all spells.
Aiming: Sandblast (safe; 1% risk of failure)
Press: ? - help, Shift-Dir - straight line, f/p - gnoll
Aim: a gnoll, wielding a spear (severely wounded)
The blast of sand hits the gnoll.
You kill the gnoll!
b - 59 stones The centaur misses you.
Unknown command.
The centaur completely misses you.
Really quaff
i - a potion of haste {!q}?
You feel yourself speed up. The hound completely misses you.
The centaur barely misses you. The hound bites you but does no damage.
The centaur unwields an uncursed great mace.
The centaur wields an uncursed shortbow.
The centaur shoots an arrow.
The arrow hits you!
You die...

# ...#####...... # #
#.............# # #..#.#........#
# #......##.....# # ##
######...#..#......#### .######
#....g..............5.. ..#....
#....ch...# #......### ....#
#...[S...######........ ...##
##.....@............#### ...#
###.......#..#.#####..# ...#
#..............### #..###
...#####.........#.>....###....##
..........#########..............
.#........# #.<...........#
##........# #..............
########## ####...........
#...........


You could see a centaur, a hound, a gnoll and an adder.

Vanquished Creatures
  Purgy (Sewer)
  An ogre (D:6)
  Blork the orc (D:5)
  A hound (D:7)
  A gnoll shaman (D:6)
  An orc priest (D:5)
  An iguana (D:5)
  3 worker ants
  An orc wizard (D:5)
  A gnoll (D:6)
  5 adders
  2 river rats (D:6)
  An ooze (D:6)
  An adder skeleton (D:6)
  2 leopard geckos
  4 orcs (D:5)
  6 bats
  5 giant cockroaches
  3 goblins
  A hobgoblin (D:1)
  8 jackals
  A quokka (D:2)
  A ball python (D:6)
  4 frilled lizards
  A jackal skeleton (D:5)
  9 kobolds
  6 rats
72 creatures vanquished.

Notes
Turn   | Place    | Note
-------+----------+-------------------------------------------
     0 | D:1      | Amnesiac the Spriggan Earth Elementalist began the quest for the Orb.
     0 | D:1      | Reached XP level 1. HP: 9/9 MP: 5/5
   135 | D:1      | Reached XP level 2. HP: 10/13 MP: 7/7
   145 | D:1      | Learned a level 2 spell: Passwall
   200 | D:1      | Reached skill level 1 in Short Blades
   406 | D:3      | Reached XP level 3. HP: 16/16 MP: 3/8
   497 | D:4      | Found a stormy altar of Qazlal.
   678 | D:4      | Found a stormy altar of Qazlal.
   847 | D:3      | Reached XP level 4. HP: 21/21 MP: 7/10
  1080 | D:4      | Learned a level 4 spell: Petrify
  1083 | D:5      | Entered Level 5 of the Dungeon
  1501 | D:6      | Noticed an ogre
  1523 | D:6      | Killed an ogre
  1523 | D:6      | Reached XP level 5. HP: 23/24 MP: 6/12
  1531 | D:6      | Noticed Grinder
  1558 | D:6      | Paralysed by Grinder for 5 turns
  1678 | D:7      | Reached XP level 6. HP: 14/28 MP: 9/13
  1685 | D:7      | Learned a level 5 spell: Lee's Rapid Deconstruction
  1744 | D:6      | Noticed Sigmund
  2095 | D:5      | Noticed Blork the orc
  2095 | D:5      | Noticed Edmund
  2109 | D:5      | Killed Blork the orc
  2109 | D:5      | Reached skill level 5 in Transmutations
  2109 | D:5      | Reached skill level 5 in Earth Magic
  2177 | D:6      | Found an ornate altar of the Wu Jian Council.
  2221 | D:6      | Found a blossoming altar of Fedhas.
  2316 | D:6      | Found a glowing drain.
  2322 | Sewer    | Entered a sewer
  2500 | Sewer    | Noticed Purgy
  2508 | Sewer    | Killed Purgy
  2508 | Sewer    | Reached skill level 5 in Spellcasting
  2508 | Sewer    | Reached XP level 7. HP: 32/32 MP: 12/15
  2697 | D:6      | Shot with an arrow by a centaur

Vault maps used:
D:1:      ldierk_walled_garden_2, minivault_24
D:2:      minmay_misc_feat_tiny
D:3:      led_sif_pool, first_ration, kennysheep_minor_cross
D:4:      kennysheep_little_box, hangedman_abyss_or_decor_jellyfish_corner,
          grunt_qazlal_sundering
D:5:      uniq_blork_the_orc, uniq_ijyb, uniq_edmund
D:6:      fedhas_bush_and_centaur_altar, nicolae_overflow_crystal_walls,
          portal_sewer_entry_e, uniq_sigmund, uniq_grinder
D:7:      marbit_many_paths, okawaru_humans, lemuel_crystal_altar,
          temple_statues
Sewer:    kennysheep_door_sewer

Skill      XL: |  1  2  3  4  5  6 |
---------------+-------------------+-----
Earth Magic    | 3 4 5 |  5.4
Spellcasting   | 3 4 5 |  5.1
Short Blades   | 1 |  1.0
Transmutations | 3 4 5 |  5.4
Dodging        | |  3.0
Stealth        | |  3.0

Action                   |  1- 3 |  4- 6 |  7- 9 || total
-------------------------+-------+-------+-------++-------
Melee: Dagger            |    42 |    15 |     3 ||    60
       Unarmed           |    10 |       |       ||    10
 Cast: Sandblast         |    17 |    63 |    14 ||    94
       Passwall          |     5 |     5 |       ||    10
       Petrify           |       |       |     2 ||     2
  Use: Potion            |       |       |     1 ||     1
 Stab: Sleeping          |     8 |     7 |       ||    15
       Petrified         |       |       |     3 ||     3
  Eat: Ration            |       |       |     3 ||     3
Armor: Robe              |     6 |     8 |     2 ||    16
Dodge: Dodged            |    45 |    51 |    23 ||   119

Table legend:
 A = Spawn XP
 B = Non-spawn XP
 C = Spawn XP percentage of total XP
 D = Spawn monster count
 E = Non-spawn monster count
 F = Spawn count percentage of total count
 G = Total turns spent on level
                    A         B        C        D         E        F      G
               +---------+---------+-------+---------+---------+-------+---------
         Total |       0 |     859 |   0.0 |       0 |      72 |   0.0 |  2697
               +---------+---------+-------+---------+---------+-------+---------
           D:1 |       0 |      21 |   0.0 |       0 |      14 |   0.0 |   234
           D:2 |       0 |       3 |   0.0 |       0 |       2 |   0.0 |    76
           D:3 |       0 |      81 |   0.0 |       0 |      20 |   0.0 |   380
           D:4 |       0 |      36 |   0.0 |       0 |       1 |   0.0 |   764
           D:5 |       0 |     258 |   0.0 |       0 |      10 |   0.0 |   456
           D:6 |       0 |     276 |   0.0 |       0 |      18 |   0.0 |   405
           D:7 |       0 |      43 |   0.0 |       0 |       1 |   0.0 |   160
         Sewer |       0 |     141 |   0.0 |       0 |       6 |   0.0 |   222
               +---------+---------+-------+---------+---------+-------+---------
